 Dungeon Crawl Stone Soup version 0.28.0-56-g4927b6849a (webtiles) character file.

Game seed: 8875557707660170652

67 Chiseanne the Covered (level 3, -2/28 HPs)
             Began as a Demonspawn Wanderer on Jan 28, 2023.
             Killed from afar by Sigmund (6 damage)
             ... with a magic dart
             ... on level 2 of the Dungeon.
             The game lasted 00:02:18 (1815 turns).

Chiseanne the Covered (Demonspawn Wanderer)         Turns: 1815, Time: 00:02:19

Health: -2/28      AC:  2    Str: 12    XL:     3   Next: 98%
Magic:  6/6        EV: 10    Int: 11    God:
Gold:   79         SH:  5    Dex: 16    Spells: 5/6 levels left

rFire   . . .      SeeInvis .   a - +3 short sword
rCold   . . .      Faith    .   b - +0 buckler
rNeg    . . .      Spirit   .   c - +0 robe
rPois   .          Reflect  .   (no helmet)
rElec   .          Harm     .   (no cloak)
rCorr   .          Rampage  .   (no gloves)
Will    .....                   (no boots)
Stlth   +.........              (no amulet)
HPRegen 0.09/turn               (no ring)
MPRegen 0.10/turn               (no ring)

@: no status effects
A: hooves 1
a: no special abilities


You were on level 2 of the Dungeon.
You visited 1 branch of the dungeon, and saw 2 of its levels.

You collected 79 gold pieces.

Inventory:

Hand Weapons
 a - a +3 short sword (weapon)
Missiles
 d - 71 stones
 l - 18 arrows
 q - 30 sling bullets
Armour
 b - a +0 buckler (worn)
 c - a +0 robe (worn)
Scrolls
 g - a scroll of enchant weapon
 h - a scroll of noise {unknown}
 j - a scroll of identify {unknown}
 m - a scroll of vulnerability {unknown}
 n - a scroll of torment {unknown}
 o - a scroll of fear {unknown}
Potions
 e - a potion of haste {unknown}
 f - a potion of attraction {unknown}
 i - a potion of lignification {unknown}
 k - a potion of berserk rage {unknown}
 p - a potion of brilliance {unknown}


   Skills:
 * Level 2.3 Fighting
 - Level 1.7 Short Blades
 - Level 2.6 Armour
 * Level 2.6 Shields
 * Level 2.1 Spellcasting
 - Level 1.0 Summonings


You had 5 spell levels left.
You knew the following spells:

 Your Spells              Type           Power      Damage    Failure   Level
a - Summon Small Mammal   Summ           12%        N/A       26%         1

Your spell library contained the following spells:

 Spells                   Type           Power      Damage    Failure   Level
 Call Canine Familiar     Summ           3%         N/A       58%         3


Dungeon Overview and Level Annotations

Branches:
Dungeon (2/15)

Altars:

Annotations:
D:2 Sigmund


Innate Abilities, Weirdness & Mutations

You have large cloven feet.


Message History

q - 30 sling bullets A giant cockroach comes into view.
The giant cockroach closely misses you.
You barely miss the giant cockroach. Your kick misses the giant cockroach.
The giant cockroach barely misses you.
The giant cockroach bites you but does no damage.
You hit the giant cockroach.
You kill the giant cockroach!
A kobold comes into view. It is wielding a +0 dagger.
The kobold shouts!
You barely miss the kobold. The kobold barely misses you.
You hit the kobold.
You kill the kobold!
You see here a +0 dagger.
Sigmund the Dreaded comes into view.
He is wielding a +0 scythe.
Sigmund shouts!
Sigmund casts a spell at you.
You are confused.
You bump into the rock wall.
Sigmund casts a spell at you. The puff of flame hits you!
You bump into the rock wall.
Sigmund hits you from afar with a +0 scythe!
You feel less confused.
Sigmund mumbles some strange words.
Sigmund flickers and vanishes!
Deactivating autopickup; reactivate with Ctrl-A.
A magic dart appears from out of thin air!
The magic dart hits you.
* * * LOW HITPOINT WARNING * * *
You see here a rat corpse.
A puff of flame appears from out of thin air!
The puff of flame hits you.
* * * LOW HITPOINT WARNING * * *
You are confused.
You bump into the rock wall.
You feel less confused.
Sigmund points at you and mumbles some strange words.
The magic dart hits you.
You die...

#.......# #....#
######.......######.#
#....)..#.#.....# #.#
#.#####...#.###.# #.#
#.#####..##.###.# #.#
#.............#.###.#
#.##.##.#.#..#......### ####
...##.##...#............ ...#
......>@.#.######.#####. ##.#
...#####.#.## #.##.... #.#
#.#####....# #....... #.#####
#..........# #..#.##. #.....#
########...# #...†.{. #####.#
#...# ##.#.##. ######.######
#.@.# #.#.##. ............# #...#
###.#.##.
.......##.#.######...####.....##.


You could see Sigmund.

Vanquished Creatures
  Jessica (D:2)
  3 dart slugs
  A ball python (D:1)
  2 bats (D:1)
  4 endoplasms
  4 giant cockroaches
  2 goblins
  4 hobgoblins
  A frilled lizard (D:2)
  4 kobolds
  7 rats
33 creatures vanquished.

Notes
Turn   | Place    | Note
-------+----------+-------------------------------------------
     0 | D:1      | Chiseanne the Demonspawn Wanderer began the quest for the
                  | Orb.
     0 | D:1      | Chiseanne set off with the following items: a +2 short
                  | sword, a +0 buckler, a +0 robe; and the following spell
                  | memorised: Summon Small Mammal; and the following spells
                  | available to memorise: Call Canine Familiar
     0 | D:1      | Reached XP level 1. HP: 15/15 MP: 2/2
   220 | D:1      | Gained mutation: You have large cloven feet. [demonic
                  | ancestry]
   220 | D:1      | Reached XP level 2. HP: 12/21 MP: 4/4
  1243 | D:2      | Reached XP level 3. HP: 24/27 MP: 5/5
  1582 | D:2      | Noticed Jessica
  1592 | D:2      | Killed Jessica
  1771 | D:2      | Noticed Sigmund
  1815 | D:2      | Killed from afar by Sigmund

Illustrated notes

Levels and vault maps discovered:
D:1:      saegor_arrival_simple_e, layout_rooms
D:2:      layout_loops_cross, shapermc_ecumenical_altar_rom_forum, uniq_sigmund,
          uniq_jessica

Skill      XL: |  1  2  3 |
---------------+----------+-----
Shields        | 2 |  2.6
Fighting       | 2 |  2.3
Spellcasting   | 2 |  2.1
Short Blades   | |  1.7
Armour         | |  2.6
Summonings     | |  1.0

Action                   || total
-------------------------++-------
Melee: Short sword       ||    85
       Kick              ||    16
  Use: Scroll            ||     1
Armor: Robe              ||    12
Dodge: Dodged            ||    26
Block: Buckler           ||    17
